[Event "Titled Tuesday Blitz January 17 Early 2023"]
[White "Oparin, Grigoriy"]
[Black "Andreikin, Dmitry"]
[WhiteFideId "24125890"]
[BlackFideId "4158814"]
[WhiteElo "2667"]
[BlackElo "2729"]
[Result "1-0"]
[Round "07"]
[TimeControl "180+2"]
[Date "2023.01.17"]
[WhiteClock "0:00:47"]
[BlackClock "0:00:04"]

1. Nf3 Nf6 2. c4 c6 3. d4 d5 4. Nc3 a6 5. e3 g6 6. Be2 Bg7 7. O-O O-O 8. b3 b5 9. Bb2 Nbd7 10. a4 b4 11. Nb1 a5 12. Nbd2 Bb7 13. Rc1 e6 14. Bd3 c5 15. Qe2 cxd4 16. Nxd4 Nc5 17. Bc2 Rc8 18. Rfd1 Re8 19. Nb5 Qe7 20. Be5 Nfe4 21. Bxg7 Nxd2 22. Qxd2 Kxg7 23. cxd5 exd5 24. Nd4 Qf6 25. Bd3 Ne6 26. Bb5 Nxd4 27. exd4 Rxc1 28. Rxc1 Rc8 29. Rxc8 Bxc8 30. f3 h5 31. Kf2 h4 32. Qe3 g5 33. g3 hxg3+ 34. hxg3 Be6 35. Bd3 Kf8 36. f4 gxf4 37. Qxf4 Qxf4+ 38. gxf4 Ke7 39. f5 Bd7 40. Kg3 f6 41. Kg4 Be8 42. Kh4 Kf8 43. Be2 Kg7 44. Bf3 Bd7 45. Kg4 Bc6 46. Be2 Kh6 47. Bf3 Bb7 48. Be2 Bc6 49. Bf3 Kg7 50. Kf4 Kf7 51. Kg4 Ke7 52. Kf4 Kd6 53. Bh5 Bd7 54. Bf3 Be8 55. Bg4 Bf7 56. Bf3 Ke7 57. Bg4 Kf8 58. Bf3 Kg7 59. Kg4 Kh6 60. Kh4 Kg7 61. Kg4 Kf8 62. Kf4 Ke7 63. Bg4 Kd6 64. Bf3 Be8 65. Bg4 Bd7 66. Bh5 Bc8 67. Bg4 Ba6 68. Ke3 Bf1 69. Bf3 Bh3 70. Kf4 Bf1 71. Ke3 Kc6 72. Bh1 Bh3 73. Kf4 Bf1 74. Ke3 Ba6 75. Bf3 Kd6 76. Bg2 Bc8 77. Kf4 Bd7 78. Bf3 Bc6 79. Bh5 Bb7 80. Be2 Bc8 81. Bd3 Bd7 82. Be2 Be8 83. Bf3 1-0


[Site "https://www.chess.com"]

[Event "Titled Tuesday Blitz January 17 Early 2023"]
[White "Kamsky, Gata"]
[Black "Martinez Alcantara, Jose Eduardo"]
[WhiteFideId "2000024"]
[BlackFideId "3805662"]
[WhiteElo "2665"]
[BlackElo "2619"]
[Result "1-0"]
[Round "07"]
[TimeControl "180+2"]
[Date "2023.01.17"]
[WhiteClock "0:00:21"]
[BlackClock "0:00:19"]

1. e4 e5 2. Nf3 Nf6 3. Nxe5 d6 4. Nf3 Nxe4 5. Qe2 Qe7 6. d3 Nf6 7. Qxe7+ Bxe7 8. Nc3 Nc6 9. h3 a6 10. Be3 Be6 11. Be2 h6 12. O-O Nd5 13. Nxd5 Bxd5 14. c3 Bf6 15. Rfe1 O-O-O 16. Nd2 Be6 17. d4 g6 18. Bd3 Ne7 19. Ne4 Bg7 20. Bd2 Nd5 21. Ng3 Rde8 22. Re2 Nb6 23. b3 Kd7 24. Rae1 d5 25. Bf4 Nc8 26. Be5 Bxe5 27. Rxe5 Nd6 28. a4 a5 29. h4 c6 30. f3 b6 31. Kf2 h5 32. Ra1 f6 33. Ree1 g5 34. Rh1 g4 35. Bg6 Reg8 36. Bd3 c5 37. Rae1 c4 38. bxc4 dxc4 39. Bc2 Bd5 40. Ne2 Bf7 41. Nf4 g3+ 42. Ke3 Kd8 43. Kd2 Re8 44. Rxe8+ Bxe8 45. Rh3 Rg8 46. Ne2 b5 47. axb5 Bxb5 48. Rxg3 Rh8 49. Rg7 Bd7 50. Kc1 Re8 51. Nf4 Re1+ 52. Kb2 a4 53. g4 hxg4 54. fxg4 Rh1 55. h5 Rh2 56. Nd5 a3+ 57. Kxa3 Be6 58. Nf4 Bd7 59. Ba4 Bc8 60. Nd5 Be6 61. Nxf6 Rf2 62. g5 Rf3 63. Kb4 Rh3 64. h6 Nf5 65. Ra7 Ne3 66. h7 Bc8 67. g6 Nf5 68. g7 Nxg7 69. Rxg7 Be6 70. Rg8+ Ke7 71. h8=Q Rf3 72. Qg7+ Bf7 73. Rf8 Kd6 74. Rxf7 Rf5 75. Ne4+ Kd5 76. Rxf5+ Ke6 77. Qe5# 1-0


[Site "https://www.chess.com"]

[Event "Titled Tuesday Blitz January 17 Early 2023"]
[White "Kovalenko, Igor"]
[Black "Deac, Bogdan-Daniel"]
[WhiteFideId "14117908"]
[BlackFideId "1226380"]
[WhiteElo "2674"]
[BlackElo "2700"]
[Result "1-0"]
[Round "07"]
[TimeControl "180+2"]
[Date "2023.01.17"]
[WhiteClock "0:00:04"]
[BlackClock "0:00:02"]

1. d4 Nf6 2. Nf3 d5 3. e3 Bf5 4. Nbd2 e6 5. Be2 c5 6. Nh4 Be4 7. c3 Nc6 8. O-O Qc7 9. a3 Bd6 10. g3 Rd8 11. b4 cxd4 12. cxd4 g5 13. Nhf3 g4 14. Nh4 h5 15. Bb2 Qe7 16. Rc1 O-O 17. Nxe4 Nxe4 18. Bd3 Qg5 19. Qe1 f5 20. Ng2 Ne7 21. Nf4 Rf6 22. Rc2 h4 23. f3 gxf3 24. Rxf3 Rh6 25. Rg2 h3 26. Rc2 Rf8 27. Kh1 Qg4 28. Rf1 Bxf4 29. exf4 Rf7 30. b5 Qg7 31. a4 b6 32. Qe3 Ng6 33. Rfc1 Nf8 34. Rc8 Rg6 35. Ba3 Kh7 36. Rg1 Nd7 37. Bf1 Rh6 38. Be2 Ndf6 39. Rc6 Ng4 40. Bxg4 Qxg4 41. Rgc1 Rg6 42. Rc8 Rg8 43. R8c6 Rg6 44. Bb4 Rgg7 45. Be1 Qg6 46. Kg1 Rb7 47. Kf1 Qg4 48. Qe2 Qg6 49. Qf3 Rgd7 50. Ke2 a6 51. bxa6 Ra7 52. Qd3 Qh5+ 53. Ke3 Qg6 54. Rxb6 Nf6 55. Rcb1 Ng4+ 56. Kd2 Nxh2 57. Rb7 Qf7 58. Rxd7 Qxd7 59. Qb5 Qg7 60. Qb7 1-0


[Site "https://www.chess.com"]

[Event "Titled Tuesday Blitz January 17 Early 2023"]
[White "Babazada, Khazar"]
[Black "Eljanov, Pavel"]
[WhiteFideId "13413554"]
[BlackFideId "14102951"]
[WhiteElo "2474"]
[BlackElo "2705"]
[Result "1-0"]
[Round "07"]
[TimeControl "180+2"]
[Date "2023.01.17"]
[WhiteClock "0:00:02"]
[BlackClock "0:00:07"]

1. e4 c6 2. d4 d5 3. Nc3 dxe4 4. Nxe4 Bf5 5. Ng3 Bg6 6. Nf3 Nf6 7. h4 Nh5 8. Nxh5 Bxh5 9. Be2 Nd7 10. c3 e6 11. Ng5 Bxe2 12. Qxe2 h6 13. Ne4 Nf6 14. Bf4 Qd5 15. Nxf6+ gxf6 16. f3 h5 17. Kf2 Rg8 18. Rhe1 Be7 19. Rad1 Qxa2 20. d5 e5 21. Bxe5 fxe5 22. Qxe5 Qxb2+ 23. Re2 Qa3 24. d6 O-O-O 25. Qf5+ Kb8 26. dxe7 Rxd1 27. e8=Q+ Rxe8 28. Rxe8+ Kc7 29. Qxf7+ Kb6 30. Re7 Qc5+ 31. Ke2 Rg1 32. Qb3+ Qb5+ 33. Qxb5+ cxb5 34. Kf2 Rh1 35. Rh7 a5 36. Rh6+ Kc5 37. Rxh5+ Kc4 38. g4 a4 39. g5 a3 40. g6 Rh2+ 41. Kg3 Rh1 42. Kg2 a2 43. g7 Rg1+ 44. Kxg1 a1=Q+ 45. Kh2 Qa2+ 46. Kg3 Qb1 47. Rg5 Qe1+ 48. Kh3 Qe6+ 49. Rg4+ 1-0


[Site "https://www.chess.com"]

[Event "Titled Tuesday Blitz January 17 Early 2023"]
[White "Bharath Subramaniyam H"]
[Black "Korobov, Anton"]
[WhiteFideId "46634827"]
[BlackFideId "14105730"]
[WhiteElo "2517"]
[BlackElo "2664"]
[Result "0-1"]
[Round "07"]
[TimeControl "180+2"]
[Date "2023.01.17"]
[WhiteClock "0:00:43"]
[BlackClock "0:00:12"]

1. e4 c5 2. Nf3 d6 3. Bb5+ Nd7 4. d4 cxd4 5. Nxd4 a6 6. Bd3 g6 7. O-O Bg7 8. Be3 Ngf6 9. c4 Ne5 10. f3 O-O 11. Nc3 e6 12. Qd2 b6 13. Be2 Re8 14. Rfd1 Bb7 15. Nb3 Bf8 16. a4 Rc8 17. a5 Nxc4 18. Bxc4 Rxc4 19. axb6 d5 20. Na5 Qc8 21. Nxc4 Qxc4 22. Qd4 Qxd4 23. Bxd4 e5 24. Bf2 d4 25. Na4 Bd6 26. Rdc1 Nd7 27. Be1 f5 28. exf5 gxf5 29. Bf2 Kf7 30. f4 d3 31. fxe5 Nxe5 32. Nc5 Bd5 33. Nxa6 Ng4 34. Nc7 Bxh2+ 35. Kf1 Re2 36. Nxd5 Rxf2+ 37. Ke1 d2+ 38. Kd1 dxc1=Q+ 39. Rxc1 Rxb2 40. Rc6 Nf2+ 41. Kc1 Nd3+ 42. Kd1 Bf4 43. Rf6+ Kg7 44. Nxf4 Kxf6 45. Nxd3 Rxb6 46. Kd2 Rb3 47. Ke3 Kg5 48. Ke2 Kg4 0-1


[Site "https://www.chess.com"]

[Event "Titled Tuesday Blitz January 17 Early 2023"]
[White "Paichadze, Luka"]
[Black "Jobava, Baadur"]
[WhiteFideId "13602934"]
[BlackFideId "13601520"]
[WhiteElo "2515"]
[BlackElo "2578"]
[Result "0-1"]
[Round "07"]
[TimeControl "180+2"]
[Date "2023.01.17"]
[WhiteClock "0:00:06"]
[BlackClock "0:00:03"]

1. e4 d6 2. d4 Nf6 3. Nc3 e5 4. Nf3 Nbd7 5. g4 g6 6. g5 Nh5 7. Be3 Bg7 8. Qd2 O-O 9. O-O-O c6 10. dxe5 dxe5 11. Bh3 Qe7 12. Qd6 Qxd6 13. Rxd6 Nb6 14. Bxc8 Raxc8 15. b3 Rfd8 16. Rhd1 Rxd6 17. Rxd6 Nf4 18. a4 Bf8 19. Rd1 Ng2 20. Bxb6 axb6 21. Rd7 Rb8 22. Nd1 Bg7 23. c4 Nf4 24. Kd2 Kf8 25. Ne3 Ke8 26. Rd6 Ke7 27. Rd3 Nxd3 28. Kxd3 Ke6 29. h4 h5 30. Nc2 Bf8 31. Ke2 Rd8 32. Nce1 Bg7 33. Nd3 f6 34. c5 f5 35. Nd2 b5 36. axb5 cxb5 37. f3 Bf8 38. b4 Rd4 39. Nb3 Rc4 40. Na5 Rc2+ 41. Kd1 Rh2 42. Nxb7 Rxh4 43. c6 fxe4 44. fxe4 Rh2 45. c7 Kd7 46. Nxe5+ Kxc7 47. Nc5 Bxc5 48. bxc5 Rg2 49. Nf3 Rg3 50. Ke2 b4 51. Nd4 Kd7 52. e5 Rxg5 53. c6+ Ke7 54. Nf3 Rf5 55. Ke3 b3 56. Nd4 Rxe5+ 57. Kf4 Rc5 58. c7 Rxc7 59. Kg5 b2 60. Nb3 b1=Q 0-1


[Site "https://www.chess.com"]

[Event "Titled Tuesday Blitz January 17 Early 2023"]
[White "Boruchovsky, Avital"]
[Black "Shimanov, Aleksandr"]
[WhiteFideId "2800055"]
[BlackFideId "4198603"]
[WhiteElo "2539"]
[BlackElo "2581"]
[Result "0-1"]
[Round "07"]
[TimeControl "180+2"]
[Date "2023.01.17"]
[WhiteClock "0:00:01"]
[BlackClock "0:00:27"]

1. e4 d5 2. exd5 Qxd5 3. Nc3 Qe5+ 4. Be2 Bg4 5. d4 Bxe2 6. Ngxe2 Qa5 7. O-O Nf6 8. d5 c6 9. Nf4 cxd5 10. Nfxd5 Nxd5 11. Nxd5 e6 12. Re1 Nc6 13. c4 O-O-O 14. Bd2 Qa6 15. Rc1 exd5 16. Qg4+ Kb8 17. cxd5 Ne7 18. Qf4+ Ka8 19. Qc7 Qb6 20. d6 Nc6 21. Qxf7 Bxd6 22. Be3 Qb5 23. a4 Qe5 24. g3 Qf6 25. Qb3 Rhe8 26. Qb5 Re5 27. Qf1 Qf3 28. Red1 Ree8 29. Rd3 Bb8 0-1


[Site "https://www.chess.com"]

[Event "Titled Tuesday Blitz January 17 Early 2023"]
[White "Kilic, Eray"]
[Black "Dardha, Daniel"]
[WhiteFideId "44517173"]
[BlackFideId "240990"]
[WhiteElo "2414"]
[BlackElo "2631"]
[Result "0-1"]
[Round "07"]
[TimeControl "180+2"]
[Date "2023.01.17"]
[WhiteClock "0:00:04"]
[BlackClock "0:00:04"]

1. e4 e5 2. Nf3 Nc6 3. Bb5 Nf6 4. O-O Nxe4 5. d4 Nd6 6. dxe5 Nxb5 7. a4 d6 8. axb5 Nxe5 9. Re1 Be7 10. Nxe5 dxe5 11. Qxd8+ Bxd8 12. Rxe5+ Be6 13. Nc3 Bf6 14. Re1 Bxc3 15. bxc3 O-O 16. Be3 a5 17. bxa6 Rxa6 18. Rab1 b6 19. Red1 Ra2 20. Rd2 h6 21. h3 Ra3 22. Bd4 Rd8 23. Rbd1 f6 24. Re1 Kf7 25. Rde2 Rd6 26. Rb1 c5 27. Be3 Rxc3 28. Bf4 Rc6 29. Ra1 Rc4 30. Ra7+ Kg6 31. g3 Rd4 32. Kh2 h5 33. c3 Rd1 34. Re7 Bd5 35. Re1 Rxe1 36. Rxe1 b5 37. Rb1 Ra6 38. g4 h4 39. Be3 Ra3 40. Bxc5 Rxc3 41. Be3 Bc4 42. Kg2 Rd3 43. Kf3 Bd5+ 44. Ke2 Ra3 45. Rb4 Ra2+ 46. Kd3 Bg2 47. g5 fxg5 48. Rg4 Bxh3 49. Rxg5+ Kf7 50. Rh5 Ra4 51. Kc3 Bg2 52. f4 h3 53. Bd4 Ra3+ 54. Kb4 Ra4+ 55. Kc5 Rc4+ 0-1


[Site "https://www.chess.com"]

[Event "Titled Tuesday Blitz January 17 Early 2023"]
[White "Pakleza, Zbigniew"]
[Black "Dominguez Perez, Leinier"]
[WhiteFideId "1119290"]
[BlackFideId "3503240"]
[WhiteElo "2494"]
[BlackElo "2739"]
[Result "1-0"]
[Round "07"]
[TimeControl "180+2"]
[Date "2023.01.17"]
[WhiteClock "0:00:03"]
[BlackClock "0:00:01"]

1. d4 d5 2. Bf4 Nf6 3. e3 e6 4. Nd2 c5 5. c3 Bd6 6. Bg3 O-O 7. Ngf3 Qc7 8. Be2 Nbd7 9. c4 Bxg3 10. hxg3 b6 11. Rc1 Bb7 12. cxd5 exd5 13. dxc5 bxc5 14. O-O Qb6 15. Qb3 Rfd8 16. Rfd1 Rac8 17. Qa3 Re8 18. Bf1 Ng4 19. Nh2 Nxh2 20. Kxh2 Nf6 21. Kg1 h5 22. Nf3 Ng4 23. Rc3 Rc7 24. Rdc1 Rec8 25. Rb3 Qf6 26. Qa5 g6 27. Qxa7 Ra8 28. Qb6 Qxb6 29. Rxb6 Rxa2 30. Nd4 c4 31. e4 Kg7 32. f3 Ne5 33. exd5 Bxd5 34. Rb5 Rd7 35. Rd1 Nd3 36. Nc2 Be6 37. Ne3 Rxb2 38. Ra5 1-0


[Site "https://www.chess.com"]

[Event "Titled Tuesday Blitz January 17 Early 2023"]
[White "Sanal, Vahap"]
[Black "Ashraf, Artin"]
[WhiteFideId "6300545"]
[BlackFideId "22514805"]
[WhiteElo "2600"]
[BlackElo "2314"]
[Result "1-0"]
[Round "07"]
[TimeControl "180+2"]
[Date "2023.01.17"]
[WhiteClock "0:00:47"]
[BlackClock "0:00:02"]

1. e4 c5 2. Nc3 Nc6 3. Bb5 Nd4 4. a4 g6 5. h4 h5 6. d3 Bg7 7. Bg5 a6 8. Bc4 Nf6 9. Nf3 O-O 10. Nxd4 cxd4 11. Nd5 Nxd5 12. Bxd5 Qa5+ 13. Bd2 Qc7 14. O-O e6 15. Bb3 d6 16. a5 Bd7 17. f4 Bf6 18. Qe1 Rae8 19. Qg3 Qd8 20. Be1 Kh7 21. e5 Be7 22. Qh3 Bc6 23. Bb4 Rg8 24. Rad1 Rg7 25. Rd2 dxe5 26. Bxe7 Rxe7 27. fxe5 Qxa5 28. Re2 Bd5 29. Bxd5 Qxd5 30. Rf6 Qa2 31. b3 Qa1+ 32. Rf1 Qa5 33. g4 Rc7 34. Kh2 Qd5 35. Qg3 hxg4 36. Qxg4 Kg8 37. Rf4 Rh7 38. Rxd4 Qa5 39. Rd8+ Kg7 40. Qg5 f5 41. Qf6+ Kh6 42. Rg2 1-0


[Site "https://www.chess.com"]

[Event "Titled Tuesday Blitz January 17 Early 2023"]
[White "Gareyev, Timur"]
[Black "Naroditsky, Daniel"]
[WhiteFideId "14200937"]
[BlackFideId "2026961"]
[WhiteElo "2617"]
[BlackElo "2618"]
[Result "0-1"]
[Round "07"]
[TimeControl "180+2"]
[Date "2023.01.17"]
[WhiteClock "0:00:05"]
[BlackClock "0:01:35"]

1. d4 Nf6 2. c4 g6 3. Nc3 Bg7 4. e4 d6 5. Be2 O-O 6. Bg5 c5 7. d5 h6 8. Bf4 Re8 9. Nf3 e6 10. Nd2 exd5 11. cxd5 Na6 12. O-O Nc7 13. a4 b6 14. Re1 Ba6 15. Bxa6 Nxa6 16. Nb5 Bf8 17. Nc4 Nxe4 18. Qd3 Nb4 19. Qf3 f5 20. Qb3 a6 21. Nc3 Qf6 22. Rad1 Nd3 23. Rxd3 Nxc3 24. Rde3 Rxe3 25. Bxe3 Ne4 26. Qxb6 Re8 27. Qxa6 f4 28. Bc1 Qd4 29. Rf1 Nxf2 0-1


[Site "https://www.chess.com"]

[Event "Titled Tuesday Blitz January 17 Early 2023"]
[White "Duda, Jan-Krzysztof"]
[Black "Ozen, Bahadir"]
[WhiteFideId "1170546"]
[BlackFideId "6337058"]
[WhiteElo "2724"]
[BlackElo "2369"]
[Result "1-0"]
[Round "07"]
[TimeControl "180+2"]
[Date "2023.01.17"]
[WhiteClock "0:00:03"]
[BlackClock "0:00:03"]

1. b3 b6 2. Bb2 Bb7 3. d4 e6 4. Nc3 Nf6 5. f3 d5 6. Qd2 c5 7. e3 Nc6 8. g4 Rc8 9. g5 Nh5 10. f4 cxd4 11. exd4 Bd6 12. Nh3 g6 13. O-O-O a6 14. Kb1 Qc7 15. Qe2 Ne7 16. Na4 Nf5 17. Nc5 O-O 18. Nd3 a5 19. Qd2 a4 20. Be2 Nhg7 21. Nhf2 Ba6 22. Rc1 Qa7 23. Ng4 Ra8 24. Ba1 Rfc8 25. Nf6+ Kh8 26. h4 Ng3 27. h5 Nxh1 28. Rxh1 gxh5 29. f5 axb3 30. cxb3 Bb5 31. g6 fxg6 32. fxg6 Nf5 33. Rxh5 Rc7 34. a4 Ba6 35. Bb2 Rac8 36. Nxh7 Kg7 37. Qg5 Be7 38. Qf4 Bd6 39. Ne5 Bxe2 40. Ng5 Bd3+ 41. Ka2 Rh8 42. Nxe6+ Kf6 43. Rxh8 Qxa4+ 44. bxa4 Bc4+ 45. Nxc4 Bxf4 46. Nxf4 dxc4 47. Nd5+ Kg7 48. Rh7+ Kxg6 49. Rxc7 c3 50. Nxc3 1-0


[Site "https://www.chess.com"]

[Event "Titled Tuesday Blitz January 17 Early 2023"]
[White "Bortnyk, Olexandr"]
[Black "Murzin, Volodar"]
[WhiteFideId "14120828"]
[BlackFideId "44155573"]
[WhiteElo "2605"]
[BlackElo "2604"]
[Result "1-0"]
[Round "07"]
[TimeControl "180+2"]
[Date "2023.01.17"]
[WhiteClock "0:01:46"]
[BlackClock "0:00:01"]

1. e4 c6 2. d4 d5 3. Nc3 dxe4 4. Nxe4 Bf5 5. Ng3 Bg6 6. h4 h6 7. Nh3 Nd7 8. Nf4 Bh7 9. Bc4 Ngf6 10. c3 e6 11. Nfh5 Bg6 12. Bf4 Qa5 13. Nxf6+ Nxf6 14. h5 Bh7 15. O-O Be7 16. Re1 O-O 17. Qf3 Rad8 18. Re5 Qb6 19. b4 Nd5 20. Bd2 a5 21. a3 axb4 22. axb4 Ra8 23. Rae1 Ra3 24. Bd3 Bxd3 25. Qxd3 Nxb4 26. Qe2 Nd5 27. c4 Nc3 28. Qg4 Rd8 29. Bxh6 Bf6 30. Bxg7 Bxg7 31. h6 Kf8 32. Qxg7+ Ke7 33. Rxe6+ Kd7 34. h7 Kc8 35. Re8 Ne2+ 36. R1xe2 Ra1+ 37. Kh2 1-0


[Site "https://www.chess.com"]

[Event "Titled Tuesday Blitz January 17 Early 2023"]
[White "Terry, Renato"]
[Black "Sychev, Klementy"]
[WhiteFideId "3803457"]
[BlackFideId "4114060"]
[WhiteElo "2520"]
[BlackElo "2547"]
[Result "0-1"]
[Round "07"]
[TimeControl "180+2"]
[Date "2023.01.17"]
[WhiteClock "0:00:06"]
[BlackClock "0:00:03"]

1. Nf3 c5 2. e3 d5 3. d4 Nf6 4. dxc5 e6 5. a3 a5 6. c4 Bxc5 7. Nc3 O-O 8. Be2 Nc6 9. O-O h6 10. Qc2 Bd7 11. Rd1 dxc4 12. Bxc4 Qe7 13. b3 Rac8 14. Bb2 Rfd8 15. Ne4 Nxe4 16. Qxe4 Be8 17. Qg4 Qf8 18. Rdc1 Bd6 19. h3 Kh8 20. Qh5 Kg8 21. Qg4 Kh8 22. Qe4 Be7 23. Bd3 f5 24. Qxe6 Rxd3 25. Qxc8 Rxb3 26. Rcb1 Kh7 27. a4 Qf7 28. Bd4 Rxb1+ 29. Rxb1 Bb4 30. Rc1 Ba3 31. Rd1 Bb4 32. Ba1 Ba3 33. h4 Bb4 34. Bb2 Bf8 35. Bc3 Bb4 36. Ba1 Bf8 37. h5 Bb4 38. Nh4 Ne7 39. Qxb7 Qxh5 40. Nf3 Bc6 41. Qc7 Bxf3 42. gxf3 Qxf3 43. Rc1 Qg4+ 44. Qg3 Qxg3+ 45. fxg3 Bd2 46. Rc7 Bxe3+ 47. Kg2 Bg5 48. Bc3 Kg6 49. Bxa5 h5 50. Bb4 Nd5 51. Rc6+ Kf7 52. Bc5 h4 53. a5 hxg3 54. Kxg3 Bf4+ 55. Kf3 Bb8 56. a6 g5 57. a7 g4+ 58. Kf2 Bxa7 59. Bxa7 f4 60. Bd4 f3 61. Kg3 Ne7 0-1


[Site "https://www.chess.com"]

[Event "Titled Tuesday Blitz January 17 Early 2023"]
[White "Rustemov, Alexander"]
[Black "Vokhidov, Shamsiddin"]
[WhiteFideId "4119002"]
[BlackFideId "14204223"]
[WhiteElo "2525"]
[BlackElo "2586"]
[Result "0-1"]
[Round "07"]
[TimeControl "180+2"]
[Date "2023.01.17"]
[WhiteClock "0:00:06"]
[BlackClock "0:00:36"]

1. d4 Nf6 2. c4 e6 3. Nf3 d5 4. cxd5 exd5 5. Nc3 c6 6. Bf4 Bf5 7. e3 Be7 8. h3 Nbd7 9. Bd3 Bxd3 10. Qxd3 O-O 11. O-O Re8 12. Rab1 a5 13. Rfc1 a4 14. Qc2 Qa5 15. Ne1 Nb6 16. Nd3 Nc4 17. Qxa4 Qxc3 18. Rxc3 Rxa4 19. b3 Ra3 20. Rc2 Nb6 21. f3 Rea8 22. Rbb2 h6 23. Kf2 Ne8 24. g4 Bd6 25. Bxd6 Nxd6 26. Nc5 Re8 27. Re2 f6 28. e4 dxe4 29. fxe4 Raa8 30. a4 Re7 31. Kf3 Nd7 32. Nd3 Rae8 33. Re3 Nxe4 34. Kg2 Nc3 35. Rxe7 Rxe7 36. a5 Re2+ 37. Rxe2 Nxe2 38. d5 cxd5 39. b4 Kf7 40. b5 Nd4 41. a6 Nxb5 42. axb7 Nd6 43. Nc5 Nb8 44. Kf3 Ke7 45. Ke3 Nc6 46. h4 Kd8 47. Ne6+ Kd7 48. Nxg7 Nxb7 49. Nf5 d4+ 50. Ke2 Ne5 51. Nxh6 d3+ 52. Kd2 Nd6 53. g5 Ne4+ 54. Ke3 d2 55. Ke2 Nc4 56. Nf5 Nc3+ 0-1


[Site "https://www.chess.com"]

[Event "Titled Tuesday Blitz January 17 Early 2023"]
[White "Borges Feria, Yasel"]
[Black "Esipenko, Andrey"]
[WhiteFideId "3504921"]
[BlackFideId "24175439"]
[WhiteElo "2439"]
[BlackElo "2679"]
[Result "0-1"]
[Round "07"]
[TimeControl "180+2"]
[Date "2023.01.17"]
[WhiteClock "0:00:06"]
[BlackClock "0:00:26"]

1. d4 Nf6 2. c4 e6 3. Nf3 b6 4. g3 Ba6 5. b3 Bb4+ 6. Bd2 Be7 7. Bg2 O-O 8. O-O d5 9. cxd5 exd5 10. Re1 Nbd7 11. Bc3 Ne4 12. Bb2 Bb4 13. Rf1 Re8 14. a3 Bd6 15. Re1 Ndf6 16. Ne5 Bxe5 17. dxe5 Ng4 18. f3 Ne3 19. Qc1 Nxg2 20. Kxg2 Nc5 21. Nd2 d4 22. b4 Na4 23. f4 Qd5+ 24. Nf3 c5 25. e3 dxe3 26. Rxe3 Rad8 27. Qc2 Bb7 28. Rae1 Qd2+ 29. R1e2 Qxc2 30. Rxc2 Rd1 31. bxc5 bxc5 32. Kf2 Red8 33. Bc1 h6 34. Ne1 Bc8 35. Ree2 Be6 36. Red2 R8xd2+ 37. Bxd2 Bb3 38. Ke2 Rxe1+ 39. Bxe1 Bxc2 40. Kd2 Bf5 41. Bf2 Kf8 42. Ke3 Ke7 43. Kf3 h5 44. Ke3 Ke6 45. Kd2 Kd5 0-1


[Site "https://www.chess.com"]

[Event "Titled Tuesday Blitz January 17 Early 2023"]
[White "Kobalia, Mikhail"]
[Black "Grandelius, Nils"]
[WhiteFideId "4119150"]
[BlackFideId "1710400"]
[WhiteElo "2578"]
[BlackElo "2664"]
[Result "1-0"]
[Round "07"]
[TimeControl "180+2"]
[Date "2023.01.17"]
[WhiteClock "0:00:15"]
[BlackClock "0:00:24"]

1. e4 c5 2. Nf3 e6 3. g3 Nc6 4. Bg2 Nf6 5. Qe2 e5 6. O-O Be7 7. Nc3 d6 8. Nd5 Nxd5 9. exd5 Nb4 10. Ne1 O-O 11. c3 Na6 12. Nc2 Bf5 13. Ne3 Bg6 14. f4 exf4 15. gxf4 h6 16. a4 Re8 17. f5 Bh7 18. Qf3 Bf6 19. d3 Nb8 20. Nc4 Nd7 21. Nd2 Re5 22. Qh3 Bg5 23. Nc4 Bxc1 24. Raxc1 Re2 25. Nxd6 Rxb2 26. Nc4 Ra2 27. d6 Qg5 28. Qg3 Rd8 29. Qxg5 hxg5 30. Bxb7 Nb6 31. Nxb6 axb6 32. Rce1 Bxf5 33. Rxf5 Rxd6 34. Re8+ Kh7 35. Be4 g4 36. Rh5# 1-0


[Site "https://www.chess.com"]

[Event "Titled Tuesday Blitz January 17 Early 2023"]
[White "Papasimakopoulos, Alexandros"]
[Black "Aravindh, Chithambaram VR."]
[WhiteFideId "4244125"]
[BlackFideId "5072786"]
[WhiteElo "2401"]
[BlackElo "2633"]
[Result "0-1"]
[Round "07"]
[TimeControl "180+2"]
[Date "2023.01.17"]
[WhiteClock "0:00:22"]
[BlackClock "0:01:43"]

1. d4 Nf6 2. c4 c5 3. Nf3 cxd4 4. Nxd4 e5 5. Nf3 Nc6 6. Nc3 Bb4 7. a3 Bxc3+ 8. bxc3 h6 9. e3 O-O 10. Be2 d6 11. O-O Be6 12. a4 Qc7 13. Ba3 Rfd8 14. Nd2 Na5 15. Rb1 b6 16. Qc2 Nxc4 17. Nxc4 Bxc4 18. Rfc1 Rac8 19. Bf3 d5 20. h3 e4 21. Be2 Nd7 22. Be7 Re8 23. Bh4 Nc5 24. Bxc4 dxc4 25. Bg3 Qc6 26. a5 b5 27. Rd1 Nd3 28. Qa2 a6 29. Qa3 Re6 30. Rd2 Rd8 31. Kh2 Rd5 32. Rf1 Rf5 33. Re2 Qd5 34. Rd2 Qd8 35. Re2 Rg6 36. f4 exf3 37. Rxf3 Rxf3 38. gxf3 Qg5 39. Rg2 Ne1 40. h4 Nxf3+ 41. Kh1 Qg4 0-1


[Site "https://www.chess.com"]

[Event "Titled Tuesday Blitz January 17 Early 2023"]
[White "Zhigalko, Sergei"]
[Black "Krysa, Leandro"]
[WhiteFideId "13502956"]
[BlackFideId "116807"]
[WhiteElo "2572"]
[BlackElo "2541"]
[Result "0-1"]
[Round "07"]
[TimeControl "180+2"]
[Date "2023.01.17"]
[WhiteClock "0:00:02"]
[BlackClock "0:00:02"]

1. e4 e5 2. Nf3 Nf6 3. d4 Nxe4 4. Bd3 d5 5. Nxe5 Bd6 6. O-O O-O 7. Nc3 Nxc3 8. bxc3 Nc6 9. Re1 Bxe5 10. dxe5 Qh4 11. Qf3 Be6 12. Rb1 b6 13. h3 h6 14. Bf4 Rad8 15. a4 Na5 16. g4 Nc4 17. Qg2 Qe7 18. Bg3 Qa3 19. f4 Qxc3 20. f5 Bc8 21. Re2 Nb2 22. Be1 Qc5+ 23. Bf2 Qc3 24. Be1 Qc5+ 25. Kh2 Nxd3 26. cxd3 d4 27. Bb4 Qd5 28. Bxf8 Kxf8 29. Qg3 c5 30. Rbe1 Bb7 31. e6 fxe6 32. fxe6 Re8 33. e7+ Kg8 34. Rf2 Kh7 35. Qe5 Qxe5+ 36. Rxe5 Kg8 37. a5 Bc6 38. axb6 axb6 39. Rb2 Rb8 40. Rbe2 Kf7 41. Rf2+ Kg8 42. Kg3 Bd7 43. h4 Re8 44. g5 hxg5 45. hxg5 Kh7 46. Rf8 Kg6 47. Kf4 b5 48. Rxe8 Bxe8 49. Rxc5 b4 50. Rc7 b3 51. Rb7 Kf7 52. Ke5 Bc6 53. Rxb3 Kxe7 54. Rb4 Kf7 55. Rxd4 Be8 56. Kf5 Kg8 57. Rd6 Kh8 58. Rd8 Kh7 59. Rxe8 g6+ 0-1


[Site "https://www.chess.com"]

[Event "Titled Tuesday Blitz January 17 Early 2023"]
[White "Indjic, Aleksandar"]
[Black "UnknownMagician"]
[WhiteFideId "911925"]
[WhiteElo "2618"]
[BlackElo "2637"]
[Result "1-0"]
[Round "07"]
[TimeControl "180+2"]
[Date "2023.01.17"]
[WhiteClock "0:00:48"]
[BlackClock "0:00:03"]

1. e4 c6 2. d4 d5 3. Nc3 dxe4 4. Nxe4 Nf6 5. Nxf6+ gxf6 6. c3 Bf5 7. Nf3 e6 8. g3 Qd5 9. Bg2 Nd7 10. O-O O-O-O 11. Re1 Bg4 12. h3 Bxf3 13. Bxf3 Qf5 14. Bg2 Bd6 15. b4 Nb6 16. a4 Nd5 17. Bd2 Rhg8 18. Qe2 Bf4 19. c4 Bxd2 20. Qxd2 Nb6 21. c5 Nd5 22. b5 h5 23. Re4 h4 24. Rxh4 Rh8 25. Rxh8 Rxh8 26. h4 Rg8 27. Re1 Kb8 28. bxc6 bxc6 29. Qb2+ Kc7 30. Rb1 Rc8 31. Bxd5 exd5 32. Qb7+ Kd8 33. Re1 Rc7 34. Qb8+ Qc8 35. Qxc8+ Rxc8 36. Kg2 Rb8 37. h5 Kd7 38. Kf3 1-0


[Site "https://www.chess.com"]

[Event "Titled Tuesday Blitz January 17 Early 2023"]
[White "Gorodetzky, David"]
[Black "Kopczynski, Michal"]
[WhiteFideId "2813416"]
[BlackFideId "1124200"]
[WhiteElo "2485"]
[BlackElo "2225"]
[Result "0-1"]
[Round "07"]
[TimeControl "180+2"]
[Date "2023.01.17"]
[WhiteClock "0:00:16"]
[BlackClock "0:00:19"]

1. b3 d6 2. Bb2 e5 3. Nf3 f5 4. g3 Nf6 5. c4 Be7 6. Nc3 O-O 7. Bh3 Nc6 8. d4 e4 9. Nh4 f4 10. Bxc8 Qxc8 11. Ng2 f3 12. exf3 exf3 13. Nf4 Qg4 14. h3 Qf5 15. Qb1 Nxd4 16. Qxf5 Nxf5 17. O-O-O Rf7 18. Rd3 Nd7 19. Ncd5 Nc5 20. Rxf3 Bg5 21. h4 Bxf4+ 22. Nxf4 Re8 23. Rd1 Nh6 24. Rc3 Ng4 25. Rc2 h6 26. Bd4 g5 27. hxg5 hxg5 28. Nh3 Ne6 29. Bb2 Rf3 30. Rd5 Kf7 31. Rxg5 Nxf2 32. Rg7+ Nxg7 33. Ng5+ Kg6 34. Nxf3 Nd3+ 35. Kd2 Nxb2 36. Rxb2 Nf5 37. g4 Ng3 38. Kd3 Ne4 39. Rh2 Nc5+ 40. Kd2 Ne4+ 41. Ke3 Ng5+ 0-1


[Site "https://www.chess.com"]